 Dungeon Crawl Stone Soup version 0.19-a0-1834-g6b7851e (webtiles) character file.

1890 KarmaPolice the Slasher (level 8, -1/65 HPs)
             Began as a Vampire Gladiator on Oct 8, 2016.
             Was an Initiate of Qazlal.
             Slain by a bullfrog (6 damage)
             ... on level 6 of the Dungeon.
             The game lasted 00:25:47 (13126 turns).

KarmaPolice the Slasher (Vampire Gladiator)        Turns: 13126, Time: 00:25:48

Health: -1/65      AC:  5    Str: 15    XL:     8   Next: 92%
Magic:  11/11      EV: 13    Int: 10    God:    Qazlal [......]
Gold:   259        SH:  0    Dex: 16    Spells: 0 memorised, 7 levels left

rFire  + . .     SeeInvis +     a - +0 long sword
rCold  . . .     Gourm    .     y - +0 leather armour {rF+}
rNeg   + . .     Faith    .     (no shield)
rPois  .         Spirit   .     c - +0 helmet
rElec  .         Dismiss  .     (no cloak)
rCorr  .         Reflect  .     E - +0 pair of gloves
MR     .....     Harm     .     (no boots)
Stlth  ++........               (no amulet)
                                (no ring)
                                J - ring of stealth

@: very slightly contaminated, hasted, very quick
A: fangs 3, see invisible, unbreathing
a: Bat Form, Renounce Religion


You were on level 6 of the Dungeon.
You worshipped Qazlal.
Qazlal was noncommittal.
You were not thirsty.

You visited 2 branches of the dungeon, and saw 7 of its levels.

You collected 259 gold pieces.

Inventory:

Hand Weapons
 a - a +0 long sword (weapon)
Missiles
 d - 4 throwing nets (quivered)
Armour
 c - a +0 helmet (worn)
 y - a +0 leather armour of fire resistance (worn)
 B - the +5 chain mail of the King of the Hill {MR+ rCorr Str-5 Dex+4}
   (You found it on level 5 of the Dungeon)

   It affects your strength (-5).
   It affects your dexterity (+4).
   It affects your resistance to hostile enchantments.
   It protects you from acid and corrosion.
 E - a +0 pair of gloves (worn)
 I - the +10 chain mail of Guvaish {rN++ Str-4 Int+3}
   (You found it on level 6 of the Dungeon)

   It affects your strength (-4).
   It affects your intelligence (+3).
   It greatly protects you from negative energy.
Jewellery
 J - a ring of stealth (left hand)
Wands
 s - a wand of teleportation (5/9)
 G - a wand of random effects (23/48)
Scrolls
 f - 4 scrolls of remove curse
 h - 2 scrolls of amnesia
 i - 3 scrolls of teleportation
 k - a scroll of enchant armour
 p - a scroll of identify
 q - a scroll of fear {unknown}
 t - a scroll of enchant weapon
 w - 2 scrolls of magic mapping {unknown}
 x - 2 scrolls of recharging {unknown}
 A - 2 scrolls of random uselessness {unknown}
 H - a scroll of noise {unknown}
Potions
 j - a potion of mutation
 m - a potion of cancellation
 n - a potion of agility {unknown}
 o - a potion of haste
 r - a potion of might {unknown}
 u - a potion of invisibility {unknown}
 z - a potion of lignification
 C - a potion of brilliance {unknown}
 D - a potion of curing
 F - a potion of heal wounds {unknown}
Books
 b - a book of Frost

   Spells                             Type                      Level
   a - Freeze                         Ice                          1
   b - Throw Frost                    Conjuration/Ice              2
   c - Ozocubu's Armour               Charms/Ice                   3
   d - Throw Icicle                   Conjuration/Ice              4
   e - Summon Ice Beast               Ice/Summoning                4
 v - a book of Cantrips

   Spells                             Type                      Level
   a - Confusing Touch                Hexes                        1
   b - Animate Skeleton               Necromancy                   1
   c - Summon Small Mammal            Summoning                    1
   d - Apportation                    Translocation                1


   Skills:
 + Level 6.5 Fighting
 + Level 7.3 Long Blades
 - Level 1.5 Throwing
 + Level 0.7 Armour
 - Level 3.2 Dodging
 + Level 2.2 Invocations
 - Level 5.0 Evocations


You had 7 spell levels left.
You didn't know any spells.

Dungeon Overview and Level Annotations

Branches:
Dungeon (6/15)             Temple (1/1) D:5

Altars:
Cheibriados
Dithmenos
Elyvilon
Gozag
Hepliaklqana
Kikubaaqudgha
Nemelex Xobeh
Okawaru
Qazlal
Ru
Sif Muna
Trog
Uskayaw
Vehumet
Xom
Yredelemnul
Zin
The Shining One

Shops:
D:6 %

Annotations:
D:4 Pikel
D:6 Prince Ribbit


Innate Abilities, Weirdness & Mutations

You have razor-sharp teeth.
You have supernaturally acute eyesight. (SInv)
You can survive without breathing.


Message History

The bullfrog closely misses you.
You completely miss the bullfrog.
The bullfrog is lightly wounded.
You hit the bullfrog. You bite the bullfrog.
The bullfrog is moderately wounded.
The bullfrog barely misses you. The bullfrog hits you.
* * * LOW HITPOINT WARNING * * *
You slash the bullfrog!
The bullfrog is severely wounded.
The bullfrog hits you.
* * * LOW HITPOINT WARNING * * *
You barely miss the bullfrog.
The bullfrog is severely wounded.
The bullfrog completely misses you.
You riposte.
You barely miss the bullfrog. You bite the bullfrog.
The bullfrog is almost dead.
You closely miss the bullfrog.
The bullfrog is almost dead.
The bullfrog hits you.
You die...

....# #P≈.PP.#...............
....######P.≈.P#..............###
.........#≈...##..#.#.#...#.#.##.
...[.....#P.≈.#...#.#.....#.#.##.
##[#.....#≈.P##...#.#............
#.#.....#≈.≈#...................
#.#.....# #..#.#.#..∩.........
#.#.....# #..#.#.#.####.......
##.#.....## #..@...#<...........
......#+#.# #.F#.###.####.......
##.#......# ##.#.###.........##.
...#....#.# #.#.#....#########.
.#.#..#...# #.#................
...#.####.# #.#.#....##########
.#........# #...#....# #
...#.####.# ##..#....# #
...).#....# #..#....# #


You could see a bullfrog.

Vanquished Creatures
  Sigmund (D:6)
  A slave (D:4)
  A sky beast (D:6)
  An ogre (D:4)
  A centaur (D:5)
  A bullfrog (D:6)
  2 elf zombies (D:4)
  3 elf skeletons (D:4)
  2 scorpions
  A water moccasin skeleton (D:5)
  2 crimson imps
  A centaur zombie (D:5)
  A bullfrog zombie (D:5)
  A jelly (D:5)
  3 hounds
  2 orc wizards (D:4)
  A centaur skeleton (D:5)
  2 human skeletons (D:4)
  2 iguanas
  5 worker ants
  A killer bee zombie (D:6)
  Robin (D:3)
  9 adders
  11 gnolls
  A howler monkey skeleton (D:5)
  A shadow imp (D:5)
  2 adder skeletons
  5 worms
  4 dart slugs
  3 leopard geckos
  14 orcs
  A ball python (D:5)
  4 bats
  7 giant cockroaches
  18 goblins
  15 hobgoblins
  11 jackals
  10 kobolds
  9 frilled lizards
  A jackal skeleton (D:4)
  2 leopard gecko skeletons
  4 orc skeletons (D:4)
  A quokka zombie (D:5)
  5 rats
174 creatures vanquished.

Vanquished Creatures (others)
  A fungus (D:6)
1 creature vanquished.

Grand Total: 175 creatures vanquished

Notes
Turn   | Place    | Note
-------+----------+-------------------------------------------
     0 | D:1      | KarmaPolice the Vampire Gladiator began the quest for the Orb.
     0 | D:1      | Reached XP level 1. HP: 16/16 MP: 1/1
   103 | D:1      | Reached XP level 2. HP: 5/22 MP: 2/2
   803 | D:1      | Reached XP level 3. HP: 27/28 MP: 3/3
  1659 | D:2      | Reached skill level 4 in Long Blades
  1803 | D:2      | Reached XP level 4. HP: 33/35 MP: 4/4
  3080 | D:3      | Reached XP level 5. HP: 36/41 MP: 5/5
  3517 | D:3      | Reached skill level 1 in Evocations
  3928 | D:3      | Noticed Robin
  3966 | D:3      | Killed Robin
  4344 | D:3      | You fall through a shaft for 2 floors!
  4344 | D:5      | Entered Level 5 of the Dungeon
  4356 | D:5      | Noticed a centaur
  4371 | D:5      | Killed a centaur
  4371 | D:5      | Reached skill level 5 in Long Blades
  4371 | D:5      | Reached XP level 6. HP: 20/48 MP: 5/7
  4610 | D:4      | Found a white marble altar of Elyvilon.
  4635 | D:4      | Noticed a slave
  4636 | D:4      | Noticed Pikel
  4636 | D:4      | Noticed a slave
  4636 | D:4      | Noticed a slave
  4636 | D:4      | Noticed a slave
  5535 | D:4      | Reached XP level 7. HP: 27/55 MP: 7/9
  6028 | D:4      | Reached skill level 5 in Fighting
  6343 | D:4      | Reached skill level 6 in Long Blades
  7787 | D:4      | Reached XP level 8. HP: 46/63 MP: 10/10
 10594 | D:5      | Found a staircase to the Ecumenical Temple.
 10603 | Temple   | Entered the Ecumenical Temple
 10687 | Temple   | Became a worshipper of Qazlal Stormbringer
 10726 | D:5      | Got a slimy chain mail
 11350 | D:6      | Found a shimmering altar of Xom.
 11351 | D:6      | Found a shimmering altar of Xom.
 11369 | D:6      | Reached skill level 1 in Invocations
 11445 | D:6      | Found Upema's Food Emporium.
 11507 | D:6      | Reached skill level 7 in Long Blades
 11547 | D:6      | Noticed Prince Ribbit
 11589 | D:6      | Got a fine chain mail
 11619 | D:6      | Identified the +5 chain mail of the King of the Hill {MR+ rCorr Str-5 Dex+4} (You found it on level 5 of the Dungeon)
 11629 | D:6      | Identified the +10 chain mail of Guvaish {rN++ Str-4 Int+3} (You found it on level 6 of the Dungeon)
 11671 | D:6      | Noticed Sigmund
 11684 | D:6      | Killed Sigmund
 11684 | D:6      | Reached skill level 5 in Evocations
 12925 | D:6      | Found a basalt altar of Yredelemnul.
 13126 | D:6      | Slain by a bullfrog

Vault maps used:
D:1:      erik_arrival_triangle_small
D:3:      minmay_item_behind_shaft, uniq_robin
D:4:      nicolae_ossuary_entry_catacombs, elyvilon_altar_5, uniq_pikel
D:5:      first_bread
D:6:      kennysheep_steamy, kennysheep_mini_moat, serial_shops, shop,
          xom_redecorated, uniq_prince_ribbit1, uniq_sigmund,
          uniq_crazy_yiuf_cottage
Temple:   eino_temple_rhombus

Skill      XL: |  1  2  3  4  5  6  7  8 |
---------------+-------------------------+-----
Fighting       | 2 3 4 5 6 |  6.5
Long Blades    | 4 5 6 7 |  7.3
Evocations     | 1 2 3 5 |  5.0
Invocations    | 2 |  2.2
Throwing       | |  1.5
Armour         | |  0.7
Dodging        | |  3.2

Action                   |  1- 3 |  4- 6 |  7- 9 || total
-------------------------+-------+-------+-------++-------
Melee: Long sword        |    99 |   239 |   411 ||   749
       Bite              |    14 |    29 |    60 ||   103
       Unarmed           |       |       |     3 ||     3
 Abil: End Transformatio |       |     4 |    17 ||    21
       Bat Form          |       |     4 |    17 ||    21
  Use: Potion            |     1 |     6 |    16 ||    23
       Scroll            |       |       |    12 ||    12
 Stab: Sleeping          |     2 |     8 |     8 ||    18
  Eat: Corpse            |       |     3 |     2 ||     5
Armor: Leather armour    |    15 |    54 |    81 ||   150
Dodge: Dodged            |    66 |   169 |   229 ||   464
       Rpst.: Long sword |    19 |    53 |    67 ||   139
